 Dungeon Crawl Stone Soup version 0.21.1-68-g103a7af (webtiles) character file.

149 tev the Chopper (level 5, -3/42 HPs)
             Began as a Demonspawn Berserker on Aug 1, 2018.
             Was a Believer of Trog.
             Slain by an adder (4 damage)
             ... on level 3 of the Dungeon.
             The game lasted 00:09:59 (3592 turns).

tev the Chopper (Demonspawn Berserker)              Turns: 3592, Time: 00:09:59

Health: -3/42      AC:  2    Str: 18    XL:     5   Next: 9%
Magic:  5/5        EV: 13    Int:  9    God:    Trog [**....]
Gold:   105        SH:  0    Dex: 12    Spells: 4/4 levels left

rFire    . . .     SeeInvis .   a - +0 hand axe
rCold    . . .     Gourm    .   (no shield)
rNeg     . . .     Faith    .   b - +0 animal skin
rPois    .         Spirit   .   (no helmet)
rElec    .         Reflect  .   (no cloak)
rCorr    .         Harm     .   (no gloves)
MR       .....                  (no boots)
Stlth    ++........             (no amulet)
HPRegen  0.14/turn              (no ring)
MPRegen  0.09/turn              (no ring)

@: lethally poisoned (-3 -> -5), berserk cooldown, slowed, very slow
A: nightstalker 1
a: Berserk, Trog's Hand, Burn Spellbooks, Renounce Religion


You were on level 3 of the Dungeon.
You worshipped Trog.
Trog was pleased with you.
You were very hungry.

You visited 1 branch of the dungeon, and saw 3 of its levels.

You collected 105 gold pieces.

Inventory:

Hand Weapons
 a - a +0 hand axe (weapon)
Armour
 b - a +0 animal skin (worn)
Scrolls
 e - 3 scrolls of identify {unknown}
 g - a scroll of blinking {unknown}
 n - a scroll of remove curse {unknown}
Potions
 d - a potion of curing {unknown}
 f - a potion of brilliance {unknown}
 h - 2 potions of agility {unknown}
 i - a potion of lignification {unknown}
 j - 3 potions of flight {unknown}
 k - 2 potions of haste {unknown}
 l - a potion of ambrosia {unknown}
Comestibles
 c - 3 rations
 m - 7 chunks of flesh


   Skills:
 + Level 4.0 Fighting
 * Level 4.1 Axes
 + Level 1.8 Armour
 + Level 2.7 Dodging


You had 4 spell levels left.
You didn't know any spells.

Dungeon Overview and Level Annotations

Branches:
Dungeon (3/15)

Altars:
Ru

Annotations:
D:3 Sigmund


Innate Abilities, Weirdness & Mutations

You are slightly more attuned to the shadows.


Message History

You barely miss the adder.
The adder is severely wounded.
You miss something.
Your skin stops crawling.
You feel less resistant to hostile enchantments.
You hear some strange, mumbled words.
Something tries to affect you, but you resist.
The adder bites you.
* * * LOW HITPOINT WARNING * * *
You hear some strange, mumbled words.
A puff of flame appears from out of thin air!
The puff of flame hits you!
* * * LOW HITPOINT WARNING * * *
The adder completely misses you.
You miss the adder.
The adder is severely wounded.
You miss something.
* * * LOW HITPOINT WARNING * * *
You feel sick. The adder bites you.
You die...

#### .$.
####.######
......).<.#
.....))รท..#
..........#
..........#
...>..@...#
.....S{..%#
..........#
..........#
..........#
...........
............


You could see an adder.

Vanquished Creatures
  3 gnolls (D:3)
  5 adders (D:2)
  A shadow imp (D:2)
  An ooze (D:2)
  3 worms (D:2)
  A dart slug (D:2)
  2 leopard geckos
  4 giant cockroaches
  6 goblins
  10 hobgoblins
  3 jackals (D:2)
  A quokka (D:2)
  3 ball pythons (D:2)
  5 bats
  2 frilled lizards (D:2)
  A kobold (D:2)
  4 rats
55 creatures vanquished.

Notes
Turn   | Place    | Note
-------+----------+-------------------------------------------
     0 | D:1      | tev the Demonspawn Berserker began the quest for the Orb.
     0 | D:1      | Reached XP level 1. HP: 18/18 MP: 1/1
     0 | D:1      | Noticed an octopode
     1 | D:1      | Noticed a naga
     3 | D:1      | Noticed an ogre
     3 | D:1      | Noticed a draconian
     6 | D:1      | Noticed a naga
     8 | D:1      | Noticed a gargoyle
     9 | D:1      | Noticed an octopode
    12 | D:1      | Noticed a naga
    14 | D:1      | Noticed a naga
    14 | D:1      | Noticed a dwarf
    16 | D:1      | Noticed an octopode
    16 | D:1      | Noticed a human
    18 | D:1      | Noticed a felid
    18 | D:1      | Noticed a formicid
    20 | D:1      | Noticed a vampire
    20 | D:1      | Noticed a formicid
    22 | D:1      | Noticed an ogre
   589 | D:1      | Gained mutation: You are slightly more attuned to the shadows. [demonic ancestry]
   589 | D:1      | Reached XP level 2. HP: 10/24 MP: 2/2
  1755 | D:2      | Reached XP level 3. HP: 29/29 MP: 3/3
  2347 | D:2      | Reached XP level 4. HP: 18/37 MP: 4/4
  2388 | D:2      | Reached ** piety under Trog
  3432 | D:2      | Found a sacrificial altar of Ru.
  3530 | D:3      | Reached XP level 5. HP: 42/42 MP: 5/5
  3539 | D:3      | Noticed Sigmund
  3591 | D:3      | HP: 1/42 [something/puff of flame (6)]
  3592 | D:3      | Slain by an adder

Skill      XL: |  1  2  3  4 |
---------------+-------------+-----
Axes           | 3 4 |  4.1
Dodging        | 2 |  2.7
Fighting       | 4 |  4.0
Armour         | |  1.8

Action                   |  1- 3 |  4- 6 || total
-------------------------+-------+-------++-------
Melee: Hand axe          |   112 |    88 ||   200
Invok: Berserk           |     4 |     3 ||     7
       Trog's Hand       |       |     1 ||     1
 Stab: Sleeping          |     3 |     5 ||     8
       Distracted        |       |     1 ||     1
  Eat: Chunk             |     3 |     4 ||     7
       Ration            |     2 |       ||     2
Armor: Animal skin       |    17 |    21 ||    38
Dodge: Dodged            |    78 |    61 ||   139
